 Dungeon Crawl Stone Soup version 0.31.0-9-g3a7656b989 (webtiles) character file.

Game seed: 10233635503327864444

67 qw the Shooter (level 4, -4/22 HPs)
             Began as a Spriggan Hunter on Feb 2, 2024.
             Slain by an ice beast (10 damage)
             ... on level 3 of the Dungeon.
             The game lasted 00:00:06 (1910 turns).

qw the Shooter (Spriggan Hunter)                    Turns: 1910, Time: 00:00:07

Health: -4/22      AC:  2    Str:  7    XL:     4   Next: 0%
Magic:  5/5        EV: 19    Int: 10    God:
Gold:   86         SH:  0    Dex: 20    Spells: 3/3 levels left

rFire   . . .        g - +0 arbalest
rCold   . . .        (shield currently unavailable)
rNeg    . . .        c - +0 robe
rPois   .            (helmet restricted)
rElec   .            (no cloak)
rCorr   .            (gloves unavailable)
SInv    +            (boots unavailable)
Will    .....        (no amulet)
Stlth   ++           (no ring)
HPRegen 0.23/turn    (no ring)
MPRegen 0.09/turn

%: no passive effects
@: very quick
A: very small, no large weapons, unfitting armour, see invisible, speed 3
a: no special abilities


You were on level 3 of the Dungeon.
You visited 1 branch of the dungeon, and saw 3 of its levels.

You collected 86 gold pieces.


Innate Abilities, Weirdness & Mutations

You are very small and have problems with some larger weapons.
You are too small for most types of armour.
You have supernaturally acute eyesight. (SInv)
You cover ground extremely quickly. (Speed+++)


   Skills:
 - Level 1.5 Fighting
 - Level 5.0 Ranged Weapons
 + Level 4.1 Dodging
 - Level 1.5 Stealth


You had 3 spell levels left.
You didn't know any spells.
Your spell library was empty.

Inventory:

Hand Weapons
 g - a +0 arbalest (weapon)
Armour
 c - a +0 robe (worn)
Potions
 a - a potion of heal wounds {unknown}
 d - a potion of degeneration {unknown}
 h - a potion of mutation {unknown}

Dungeon Overview and Level Annotations

Branches:
Dungeon (3/15)

Altars:

Shops:
D:2 (


Message History

The jackal barks! x2
You shoot a bolt. The bolt hits the jackal.
The jackal is almost dead.
The jackal misses you.
You shoot a bolt. The bolt barely misses the jackal.
The jackal bites you. The jackal misses you. The jackal closely misses you.
The jackal barely misses you. x2
You shoot a bolt. The bolt hits the jackal!
You kill the jackal!
The jackal closely misses you. The jackal misses you.
You shoot a bolt.
The bolt hits the jackal but does no damage.
The jackal bites you. The jackal closely misses you.
You shoot a bolt. The bolt closely misses the jackal.
The jackal misses you. The jackal completely misses you.
The jackal barely misses you.
You shoot a bolt. The bolt closely misses the jackal.
The jackal closely misses you. The jackal bites you.
You shoot a bolt. The bolt hits the jackal!
You kill the jackal!
You have reached level 4!
You start resting.
HP restored.
You see here a jackal corpse.
You see here a jackal corpse.
You hear the rusting of a distant drain.
An ice beast comes into view.
You shoot a bolt.
The bolt hits the ice beast but does no damage.
You shoot a bolt. The bolt barely misses the ice beast.
You shoot a bolt. The bolt closely misses the ice beast.
The ice beast barely misses you.
You shoot a bolt. The bolt hits the ice beast!
The ice beast is heavily wounded.
The ice beast hits you. The ice beast freezes you!
Ouch! That really hurt!
You shoot a bolt. The bolt barely misses the ice beast.
The ice beast closely misses you. The ice beast hits you.
The ice beast freezes you!
You die...

#..# #.# #..# #.#
#.# #..#####.# #.#
#).......# #.#
#.######## #.#
.....%# #.# #.###%#
#.####### ..#
#.##########..?.....
### #...........@..#
############Y#.# #.#
# #.# #.# ..# #.#
#.#


You could see an ice beast.

Vanquished Creatures
  An adder (D:3)
  2 ribbon worms (D:2)
  2 dart slugs
  4 ball pythons (D:1)
  5 bats
  4 endoplasms
  2 giant cockroaches
  2 goblins
  2 hobgoblins
  6 jackals
  4 kobolds
  4 quokkas
  3 frilled lizards
  3 rats
44 creatures vanquished.

Notes
Turn   | Place    | Note
-------+----------+-------------------------------------------
     0 | D:1      | qw the Spriggan Hunter began the quest for the Orb.
     0 | D:1      | Reached XP level 1. HP: 10/10 MP: 2/2
     0 | D:1      | 0 ||| qw: Version: 0.3-a-155-g5e7d8dd
     0 | D:1      | 0 ||| qw: Game counter: 246
     0 | D:1      | 0 ||| qw: Melee chars always use a shield: true
     0 | D:1      | 0 ||| qw: God list: Okawaru
     0 | D:1      | 0 ||| qw: Allow faded altars: false
     0 | D:1      | 0 ||| qw: Do Orc after clearing Dungeon:15 true
     0 | D:1      | 0 ||| qw: Do second Lair branch before Depths: true
     0 | D:1      | 0 ||| qw: Lair rune preference: random
     0 | D:1      | 0 ||| qw: Goals: Normal
     0 | D:1      | 0 ||| PLANNING D:1-11
    41 | D:1      | Reached skill level 3 in Dodging
   261 | D:1      | Reached XP level 2. HP: 8/14 MP: 3/3
   726 | D:1      | 726 ||| DROPPING +6 ring of intelligence.
   727 | D:1      | 727 ||| READING scroll labelled KOADOTZ SIAJU.
   727 | D:1      | 727 ||| IDENTIFYING cyan potion
   728 | D:1      | 728 ||| READING scroll labelled WAJURU QOLIESH.
   729 | D:1      | 729 ||| READING scroll labelled FES HEDALOAWA.
   730 | D:1      | 730 ||| READING scroll labelled LIQANE NESAB.
   731 | D:1      | 731 ||| DROPPING scroll of butterflies.
   732 | D:1      | 732 ||| DROPPING potion of attraction.
   757 | D:2      | 757 ||| STAIRDANCE
   761 | D:2      | 761 ||| STAIRDANCE
   767 | D:2      | 767 ||| STAIRDANCE
   851 | D:2      | Reached XP level 3. HP: 18/18 MP: 4/4
  1265 | D:2      | Found Uppi's Weapon Boutique.
  1277 | D:2      | 1277 ||| SHOPLISTING +1 shortbow of flaming (124 gold, have
                  | 47).
  1495 | D:2      | 1495 ||| SWAPPING to +0 arbalest.
  1496 | D:2      | 1496 ||| DROPPING +0 shortbow.
  1600 | D:2      | 1600 ||| READING scroll labelled WIMNEI YCZOC.
  1701 | D:2      | 1701 ||| READING scroll labelled KELOUN WARIME.
  1702 | D:2      | 1702 ||| READING 2 scrolls labelled KAUBIOTUMM.
  1703 | D:2      | 1703 ||| DROPPING scroll of fog.
  1736 | D:3      | 1736 ||| PLANNING SEWER
  1745 | D:3      | Reached skill level 5 in Ranged Weapons
  1749 | D:3      | HP: 4/18 [poisoned by an adder]
  1875 | D:3      | Reached XP level 4. HP: 18/22 MP: 5/5
  1905 | D:3      | Noticed an ice beast
  1910 | D:3      | Slain by an ice beast

Levels and vault maps discovered:
D:1:      lemuel_arrival_funnel, layout_basic, minivault_4, minmay_cut_off
D:2:      layout_basic, serial_shops, nicolae_lakefront_shop, st_stairs_12,
          minivault_23, guppyfry_early_lair_pool
D:3:      layout_loops_ring, portal_sewer_entry_d

Skill      XL: |  1  2  3 |
---------------+----------+-----
Dodging        | 3 4 |  4.1
Ranged Weapons | 5 |  5.0
Fighting       | |  1.5
Stealth        | |  1.5

Action                     |  1- 3 |  4- 6 || total
---------------------------+-------+-------++-------
   Fire: Shortbow          |   128 |       ||   128
         Arbalest          |    14 |     5 ||    19
    Use: Scroll            |     7 |       ||     7
 Armour: Robe              |    20 |     2 ||    22
  Dodge: Dodged            |    69 |     2 ||    71

Table legend:
 A = Non-vault XP
 B = Vault XP
 C = Vault XP percentage of total XP
 D = Non-vault monster count
 E = Vault monster count
 F = Vault count percentage of total count
                 A         B        C        D         E       F
            +---------+---------+-------+---------+---------+-------
      Total |      90 |       7 |   7.2 |      40 |       4 |   9.1
            +---------+---------+-------+---------+---------+-------
        D:1 |      33 |       4 |  10.8 |      17 |       2 |  10.5
        D:2 |      37 |       3 |   7.5 |      18 |       2 |  10.0
        D:3 |      20 |       0 |   0.0 |       5 |       0 |   0.0
            +---------+---------+-------+---------+---------+-------
